 Dungeon Crawl Stone Soup version 0.21.1-1-g345015f (webtiles) character file.

322 Kairos the Skirmisher (level 6, -3/48 HPs)
             Began as a Human Monk on Mar 26, 2018.
             Killed by divine providence
             ... invoked by an orc priest
              (14 damage)
             ... on level 3 of the Dungeon.
             The game lasted 00:08:05 (3482 turns).

Kairos the Skirmisher (Human Monk)                  Turns: 3482, Time: 00:08:06

Health: -3/48      AC:  9    Str: 15    XL:     6   Next: 76%
Magic:  6/6        EV: 13    Int: 11    God:
Gold:   82         SH:  0    Dex: 17    Spells: 5/5 levels left

rFire    . . .     SeeInvis .   j - +0 broad axe
rCold    + . .     Gourm    .   (no shield)
rNeg     . . .     Faith    .   q - +0 ring mail
rPois    .         Spirit   .   r - +0 helmet
rElec    .         Reflect  .   (no cloak)
rCorr    .         Harm     .   (no gloves)
MR       .....                  h - +0 pair of boots
Stlth    ++........             k - amulet of rage
HPRegen  0.16/turn              e - ring of protection from cold
MPRegen  0.10/turn              (no ring)

@: no status effects
A: iridescent scales 1, agile 1, sense surroundings 1, strong 1
a: Evoke Berserk Rage


You were on level 3 of the Dungeon.
You were not hungry.

You visited 1 branch of the dungeon, and saw 3 of its levels.

You collected 82 gold pieces.

Inventory:

Hand Weapons
 a - a +0 mace
 j - a +0 broad axe (weapon)
Armour
 h - a +0 pair of boots (worn)
 q - a +0 ring mail (worn)
 r - a +0 helmet (worn)
 s - a +0 scale mail
Jewellery
 e - a ring of protection from cold (left hand)
 f - an uncursed amulet of guardian spirit
 k - an amulet of rage (around neck)
 u - an uncursed amulet of magic regeneration {unknown}
Scrolls
 b - a scroll of immolation {unknown}
 d - 3 scrolls of identify
 g - a scroll of blinking {unknown}
 i - 2 scrolls of magic mapping
 o - 3 scrolls of teleportation {unknown}
 p - a scroll of fog {unknown}
 w - a scroll of remove curse
Potions
 l - 2 potions of mutation
 m - 3 potions of brilliance {unknown}
 n - a potion of ambrosia {unknown}
 t - a potion of resistance {unknown}
 v - a potion of magic {unknown}
Comestibles
 c - 4 rations
 x - 5 chunks of flesh


   Skills:
 + Level 4.1 Fighting
 + Level 2.9(3.8) Axes
 + Level 3.8(4.3) Maces & Flails
 + Level 1.2 Armour
 + Level 4.1 Dodging
 + Level 2.6 Stealth
 + Level 1.1 Evocations


You had 5 spell levels left.
You didn't know any spells.

Dungeon Overview and Level Annotations

Branches:
Dungeon (3/15)

Altars:
Qazlal
Ru


Innate Abilities, Weirdness & Mutations

You are partially covered in iridescent scales. (AC +2)
You are agile. (Dex +2)
You passively map a small area around you.
Your muscles are strong. (Str +2)


Message History

The orc hits you but does no damage.
The orc priest calls down the wrath of Beogh upon you.
Pain shoots through your body!
* * * LOW HITPOINT WARNING * * *
There is an open door here.
As you read the scroll labeled KOFETUPTU NOHO, it crumbles to dust.
It is a scroll of identify.
i - 2 scrolls of magic mapping It was a potion of mutation.
You feel extremely strange.
Iridescent scales grow over part of your body.
You feel a strange attunement to the structure of the dungeons.
You feel stronger.
You feel agile. The orc hits you but does no damage.
You slash the orc!
You kill the orc!
You hit the orc. The orc closely misses you.
You closely miss the orc. You hit the orc. The orc barely misses you.
The orc priest mumbles some strange prayers to Beogh against you.
Beogh smites you!
You die...

≈..≈.≈.≈≈≈..≈...≈.......≈.≈≈≈≈≈≈.
≈≈≈≈≈≈≈≈≈≈≈≈≈≈≈≈≈....≈≈(≈≈≈≈≈≈≈≈≈
≈≈≈≈≈≈≈≈≈≈≈≈≈≈≈≈.....≈≈≈≈≈≈≈≈≈≈≈≈
≈≈≈≈≈≈≈≈≈≈≈≈≈≈≈≈≈....≈≈≈≈≈≈≈≈≈≈≈≈
##################''#############
........#,, , , #....# ,, ,
........+ #....# ,
o.......#########....#########..
#..........#@.....#.........
#....÷...o.oo.....'.........
#####...)......#......#........(
........#########....#########..
........'.).....#....# , ,
....(...#.).....#....#
###################### ≈ ≈ ≈ ≈≈ ≈
≈≈ ≈ ≈ ≈


You could see an orc priest and 2 orcs.

Vanquished Creatures
  Sigmund (D:2)
  Robin (D:2)
  4 adders
  An ooze (D:1)
  2 dart slugs
  4 leopard geckos
  An orc (D:3)
  9 bats
  3 giant cockroaches (D:3)
  24 goblins
  18 hobgoblins
  11 jackals (D:1)
  2 quokkas
  5 frilled lizards
  6 kobolds
  13 rats
105 creatures vanquished.

Notes
Turn   | Place    | Note
-------+----------+-------------------------------------------
     0 | D:1      | Kairos the Human Monk began the quest for the Orb.
     0 | D:1      | Reached XP level 1. HP: 18/18 MP: 1/1
    59 | D:1      | Reached XP level 2. HP: 13/24 MP: 2/2
   630 | D:1      | Reached XP level 3. HP: 29/29 MP: 3/3
  1249 | D:1      | Reached XP level 4. HP: 31/37 MP: 4/4
  2002 | D:2      | Noticed Robin
  2022 | D:2      | Killed Robin
  2022 | D:2      | Reached XP level 5. HP: 37/42 MP: 5/5
  2099 | D:2      | Noticed Sigmund
  2516 | D:2      | Killed Sigmund
  2516 | D:2      | Reached skill level 1 in Armour
  2516 | D:2      | Reached skill level 1 in Evocations
  2516 | D:2      | Reached XP level 6. HP: 48/48 MP: 6/6
  2884 | D:2      | Found a stormy altar of Qazlal.
  2884 | D:2      | Found a sacrificial altar of Ru.
  3480 | D:3      | Gained mutation: You are partially covered in iridescent scales. (AC +2) [potion of mutation]
  3480 | D:3      | Gained mutation: You passively map a small area around you. [potion of mutation]
  3480 | D:3      | Gained mutation: Your muscles are strong. (Str +2) [potion of mutation]
  3480 | D:3      | Gained mutation: You are agile. (Dex +2) [potion of mutation]
  3482 | D:3      | Killed from afar by an orc priest

Skill      XL: |  1  2  3  4  5 |
---------------+----------------+-----
Fighting       | 4 |  4.1
Axes           | 2 |  2.9
Armour         | 1 |  1.2
Dodging        | 4 |  4.1
Evocations     | 1 |  1.1
Maces & Flails | |  3.8
Stealth        | |  2.6

Action                   |  1- 3 |  4- 6 || total
-------------------------+-------+-------++-------
Melee: Mace              |   133 |    54 ||   187
       Broad axe         |       |   128 ||   128
 Abil: Evoke Berserk Rag |       |     2 ||     2
  Use: Scroll            |       |     2 ||     2
       Potion            |       |     1 ||     1
 Stab: Sleeping          |     3 |     5 ||     8
  Eat: Chunk             |     1 |    10 ||    11
Armor: Robe              |    24 |    21 ||    45
       Leather armour    |     1 |     7 ||     8
       Ring mail         |       |    78 ||    78
Dodge: Dodged            |   134 |   200 ||   334
